 Dungeon Crawl Stone Soup version 0.18.1-8-gdd0e5ea (webtiles) character file.

422 M4edhros the Covert (level 6, -1/36 HPs)
             Began as an Octopode Necromancer on June 7, 2016.
             Was an Initiate of Cheibriados.
             Slain by Edmund
             ... wielding a +2 flail of crushing
              (10 damage)
             ... on level 4 of the Dungeon.
             The game lasted 00:06:44 (1139 turns).

M4edhros the Covert (Octopode Necromancer)          Turns: 1139, Time: 00:06:44

Health: -1/36      AC:  1    Str:  8    XL:     6   Next: 95%
Magic:  9/9        EV: 12    Int: 18    God:    Cheibriados [......]
Gold:   79         SH:  0    Dex: 16    Spells: 3 memorised, 4 levels left

rFire  . . .     SeeInvis .     h - +1 short sword (venom)
rCold  . . .     Gourm    .     (no shield)
rNeg   . . .     Faith    .     (helmet restricted)
rPois  .         Spirit   .     (no amulet)
rElec  .         Dismiss  .     s - ring of sustain attributes
rCorr  .         Reflect  .     (no ring)
SustAt +         Harm     .     (no ring)
MR     .....                    (no ring)
Stlth  +++++.....               (no ring)
                                (no ring)
                                (no ring)
                                (no ring)

@: slow, not resistant to hostile enchantments, quite stealthy
A: almost no armour, amphibious, 8 rings, constrict 8, camouflage 1, gelatinous
body 1
a: Bend Time, Renounce Religion


You were on level 4 of the Dungeon.
You worshipped Cheibriados.
Cheibriados was noncommittal.
You were hungry.

You visited 1 branch of the dungeon, and saw 4 of its levels.

You collected 79 gold pieces.

Inventory:

Hand Weapons
 h - a +1 short sword of venom (weapon)
 q - a -3 blowgun
Missiles
 r - 27 poisoned needles
Jewellery
 s - a ring of sustain attributes (left tentacle)
Scrolls
 e - a scroll of noise {unknown}
 g - a scroll of random uselessness {unknown}
 o - a scroll of teleportation
Potions
 d - a potion of curing
 f - 2 potions of degeneration
 j - a potion of cure mutation {unknown}
 k - a potion of brilliance
 m - a potion of agility {unknown}
Books
 a - a book of Necromancy

   Spells                             Type                      Level
   a - Pain                           Necromancy                   1
   b - Animate Skeleton               Necromancy                   1
   c - Vampiric Draining              Necromancy                   3
   d - Regeneration                   Charms/Necromancy            3
   e - Animate Dead                   Necromancy                   4
   f - Control Undead                 Necromancy                   4
Comestibles
 b - 2 bread rations
 c - a chunk of flesh
 n - a meat ration
 p - a beef jerky


   Skills:
 - Level 2.0 Dodging
 * Level 8.1 Stealth
 + Level 4.1 Unarmed Combat
 - Level 2.0 Spellcasting
 - Level 4.0 Necromancy


You had 4 spell levels left.
You knew the following spells:

 Your Spells              Type           Power        Failure   Level  Hunger
a - Pain                  Necr           ###.         3%          1    #......
b - Animate Skeleton      Necr           N/A          3%          1    #......
r - Regeneration          Chrm/Necr      #.........   24%         3    ###....


Dungeon Overview and Level Annotations

Branches:
Dungeon (4/15)
 Temple: D:4-7

Altars:
Cheibriados
Pakellas
Vehumet
The Shining One

Annotations:
D:4 Edmund


Innate Abilities, Weirdness & Mutations

You cannot wear most types of armour.
You are amphibious.
You can wear up to eight rings at the same time.
You can use your tentacles to constrict eight enemies at once.
Your skin changes colour to match your surroundings (Stealth).
Your rubbery body absorbs attacks (AC +1).


Message History

Your howler monkey skeleton bites Edmund but does no damage.
You hit Edmund.
Edmund looks even sicker.
You squeeze Edmund, but do no damage.
Edmund is heavily wounded.
You constrict Edmund. Edmund closely misses you.
Your howler monkey skeleton hits Edmund.
Your howler monkey skeleton bites Edmund.
You hit Edmund but do no damage. You squeeze Edmund.
Edmund is severely wounded.
You constrict Edmund, but do no damage.
Edmund hits you with a flail of crushing!
* * * LOW HITPOINT WARNING * * *
Your howler monkey skeleton hits Edmund but does no damage.
Your howler monkey skeleton bites Edmund but does no damage.
You hit Edmund. You squeeze Edmund, but do no damage.
Edmund is almost dead.
You constrict Edmund, but do no damage.
Your howler monkey skeleton hits Edmund.
Your howler monkey skeleton bites Edmund but does no damage.
Edmund hits you with a flail of crushing!
You die...

###.###........
#......##P####.
#.....##..## .
####.....#..._####
##........#..P.#.†.
##..(......'.⌠._..##
#..........#....#...
#..........#.PP_####
#..@....##.##..#P...
##..@Z......####....
#.......##.....#.#..
#...........####.##.
#............###.###
##.....(.....##.[###
##................#
##...((.(.###.#...
#........# #.#...


You could see Edmund and a friendly howler monkey skeleton.

Vanquished Creatures
  Grinder (D:4)
  A howler monkey (D:4)
  2 iguanas (D:4)
  A worker ant (D:4)
  5 adders
  A worm (D:2)
  A dart slug (D:1)
  3 giant geckos
  6 bats
  2 giant cockroaches
  3 goblins
  7 hobgoblins
  4 jackals
  4 kobolds
  2 quokkas (D:2)
  A giant gecko skeleton (D:4)
  4 giant newts
  2 rats
  A plant (D:4)
51 creatures vanquished.

Vanquished Creatures (collateral kills)
  An adder (D:2)
  A dart slug (D:2)
2 creatures vanquished.

Grand Total: 53 creatures vanquished

Notes
Turn   | Place    | Note
--------------------------------------------------------------
     0 | D:1      | M4edhros the Octopode Necromancer began the quest for the Orb.
     0 | D:1      | Reached XP level 1. HP: 11/11 MP: 3/3
    42 | D:1      | Learned a level 1 spell: Animate Skeleton
    43 | D:1      | Reached skill level 1 in Unarmed Combat
    84 | D:1      | Reached XP level 2. HP: 10/17 MP: 3/5
   367 | D:2      | Reached skill level 3 in Stealth
   404 | D:2      | Reached XP level 3. HP: 5/21 MP: 6/6
   409 | D:2      | Learned a level 3 spell: Regeneration
   618 | D:3      | Reached skill level 4 in Stealth
   707 | D:3      | Found an oddly glowing altar of Pakellas.
   719 | D:3      | Reached XP level 4. HP: 25/27 MP: 7/7
   873 | D:3      | Reached skill level 5 in Stealth
   962 | D:4      | Noticed Grinder
   962 | D:4      | Reached XP level 5. HP: 27/31 MP: 8/8
   981 | D:4      | Paralysed by Grinder for 7 turns
   994 | D:4      | Killed Grinder
   994 | D:4      | Reached skill level 7 in Stealth
   994 | D:4      | Reached XP level 6. HP: 36/36 MP: 9/9
  1025 | D:4      | Found a snail-covered altar of Cheibriados.
  1029 | D:4      | Found a radiant altar of Vehumet.
  1054 | D:4      | Reached skill level 8 in Stealth
  1065 | D:4      | Found a glowing golden altar of the Shining One.
  1068 | D:4      | Became a worshipper of Cheibriados the Contemplative
  1088 | D:4      | Noticed Edmund
  1139 | D:4      | Slain by Edmund

Skill      XL: |  1  2  3  4  5  6 |
---------------+-------------------+-----
Unarmed Combat | 1 2 3 4 |  4.1
Stealth        | 3 4 5 7 8 |  8.1
Dodging        | |  2.0
Spellcasting   | |  2.0
Necromancy     | |  4.0

Action                   |  1- 3 |  4- 6 || total
-------------------------+-------+-------++-------
Melee: Unarmed           |    24 |    45 ||    69
       Constrict         |    17 |    15 ||    32
       Tentacles         |     7 |    20 ||    27
       Short sword       |    30 |    37 ||    67
       Punch             |     2 |     5 ||     7
 Fire: Blowgun           |       |     7 ||     7
 Cast: Animate Skeleton  |    11 |     4 ||    15
       Pain              |     7 |       ||     7
       Regeneration      |     3 |     2 ||     5
  Use: Scroll            |       |     4 ||     4
       Potion            |       |     2 ||     2
 Stab: Sleeping          |    10 |     2 ||    12
  Eat: Chunk             |       |     2 ||     2
Armor: Skin              |     1 |    19 ||    20
Dodge: Dodged            |    33 |    31 ||    64
